General information
- name: GGGRUDGE MATCH
- type: Ladder 1vs1/FFA
- host: Tecnolife
- saver: HERNaNDO
map: aps\NGL\Season0708\NGL-S0708-SV
- players: 5
- length: 25:11
- speed: Fast
- version: 1.21 W3XP
- replay type: Public
» download(138 KB)
Players
team 1 (winner)

»
Tecnolife (
red | 66 APM | 1656 actions | 25:10)
5 Paladin
2 Holy Light
2 Devotion Aura
1 Divine Shield
4 Blood Mage
2 Flame Strike
2 Banish
3 Mountain King
1 Thunder Clap
2 Storm Bolt
» actions
| Basic commands | 81 | |
| Build / train | 67 | |
| Enter build submenu | 30 | |
| Enter hero's abilities submenu | 15 | |
| Give item / drop item | 6 | |
| Right click | 897 | |
| Select / deselect | 493 | |
| Use ability | 67 | |
1656 total
» units
| Peasant | 10 | |
| Footman | 4 | |
| Rifleman | 9 | |
| Gryphon Rider | 6 | |
29 total
» upgrades
| Swords | 3 | |
| Masonry | 3 | |
| Plating | 1 | |
| Armor | 2 | |
| Storm Hammers | 1 | |
10 total
» buildings
| Farm | 10 | |
| Altar of Kings | 1 | |
| Barracks | 1 | |
| Arcane Vault | 1 | |
| Blacksmith | 1 | |
| Lumber Mill | 1 | |
| Keep | 1 | |
| Gryphon Aviary | 2 | |
| Castle | 1 | |
| Town Hall | 1 | |
20 total
» build order
00:03 Farm
00:04 Altar of Kings
00:36 Barracks
01:13 Arcane Vault
01:43 Farm
01:59 Blacksmith
03:01 Farm
03:18 Lumber Mill
04:41 Keep
04:44 Farm
05:51 Farm
07:28 Gryphon Aviary
09:58 Farm
10:02 Castle
10:04 Farm
10:58 Farm
11:39 Farm
12:36 Gryphon Aviary
13:02 Farm
20:53 Town Hall
» items
| Boots of Speed | 1 | |
| Staff of Teleportation | 1 | |
| Scroll of Regeneration | 6 | |
| Staff of Sanctuary | 1 | |
| Scroll of Town Portal | 2 | |
11 total
team 2 (loser)
Sgt.Malarkey (
blue | 74 APM | 1870 actions | 25:10)
5 Paladin
3 Holy Light
2 Divine Shield
» actions
| Assign group hotkey | 100 | |
| Basic commands | 35 | |
| Build / train | 79 | |
| ESC pressed | 6 | |
| Enter build submenu | 37 | |
| Enter hero's abilities submenu | 5 | |
| Remove unit from queue | 3 | |
| Right click | 749 | |
| Select / deselect | 350 | |
| Select group hotkey | 404 | |
| Use ability | 102 | |
1870 total
» units
| Peasant | 20 | |
| Footman | 13 | |
| Sorceress | 3 | |
| Mortar Team | 7 | |
| Rifleman | 2 | |
| Dragonhawk Rider | 4 | |
49 total
» upgrades
| Masonry | 1 | |
| Gunpowder | 2 | |
| Armor | 2 | |
| Lumber Harvesting | 1 | |
| Sorceress Training | 1 | |
| Flare | 1 | |
| Swords | 1 | |
9 total
» buildings
| Altar of Kings | 1 | |
| Farm | 11 | |
| Barracks | 1 | |
| Lumber Mill | 1 | |
| Keep | 1 | |
| Blacksmith | 1 | |
| Scout Tower | 14 | |
| Guard Tower | 6 | |
| Town Hall | 1 | |
| Arcane Vault | 2 | |
| Arcane Sanctum | 1 | |
| Arcane Tower | 1 | |
| Workshop | 2 | |
| Gryphon Aviary | 2 | |
45 total
» build order
00:09 Altar of Kings
00:13 Farm
00:35 Barracks
00:43 Farm
02:08 Lumber Mill
03:04 Farm
03:07 Farm
03:29 Farm
04:27 Farm
04:30 Keep
04:33 Blacksmith
04:37 Scout Tower
04:45 Scout Tower
04:45 Scout Tower
04:46 Scout Tower
04:47 Scout Tower
05:37 Guard Tower
05:43 Guard Tower
06:57 Town Hall
07:14 Guard Tower
07:59 Arcane Vault
08:06 Arcane Sanctum
08:15 Scout Tower
08:16 Scout Tower
08:17 Scout Tower
08:22 Scout Tower
08:26 Scout Tower
08:45 Arcane Tower
09:06 Guard Tower
09:56 Workshop
09:58 Workshop
10:04 Scout Tower
10:05 Scout Tower
10:07 Scout Tower
10:08 Scout Tower
12:11 Farm
12:15 Farm
12:22 Guard Tower
12:41 Farm
13:03 Guard Tower
14:11 Farm
15:50 Arcane Vault
15:53 Gryphon Aviary
15:54 Gryphon Aviary
16:35 Farm
» items
| Scroll of Town Portal | 1 | |
| Potion of Healing | 1 | |
2 total
observersHERNaNDO,
gwbushin2008,
GOKUMaN69 Chat log
(00:52 / Observers) gwbushin2008: @@@@@@@@@@@@@@@@@@@@@@@@@@@@@@@@@@@@@@@@@@@@@@@@@@@@@@@@@@@@@@@@@@@@@@@@@@@@@@@@@@@@@@@@@@@@@@@@@@@@@@@@@@@@@@@@@@@@@@@@@@@@@@@
(00:59 / Observers) HERNaNDO: @@@@@@@@@@@@@@@@@@@@@@@@@@@@@@@@@@@@@@@@@@@@@@@@@@@@@@@@@@@@@@@@@@@@@@@@@@@@@@@@@@@@@@@@@@@@@@@@@@@@@@
(01:01 / All) Sgt.Malarkey: gl hf
(01:03 / All) Tecnolife: dd
(01:05 / All) Sgt.Malarkey: ...bitch
(01:06 / Observers) GOKUMaN69: GGRUDGE MATCHGGRUDGE MATCHGGRUDGE MATCHGGRUDGE MATCHGGRUDGE MATCHGGRUDGE MATCHGGRUDGE MATCHGGRUDGE MATCHGGRUDGE MATCH
(02:46 / Observers) GOKUMaN69: hahahaha
(02:47 / Observers) gwbushin2008: woa what's with the pally first
(02:52 / Observers) GOKUMaN69: noobs
(02:54 / Observers) HERNaNDO: weird
(02:55 / Observers) gwbushin2008: oh
(06:19 / Observers) HERNaNDO: A BOOT FOR EACH FOOT
(08:23 / Observers) GOKUMaN69: walkin slow
(08:37 / Observers) gwbushin2008: SCOUT FARMS
(11:03 / Observers) GOKUMaN69: slow walkin
(13:19 / Observers) HERNaNDO: lol
(13:51 / Observers) HERNaNDO: base chill frenzy
(14:50 / Observers) HERNaNDO: uh oh!!!!!!!!!!!!!!
(15:04 / Observers) HERNaNDO: lvl 2 dmg
(15:06 / Observers) HERNaNDO: poor tl
(15:18 / Observers) gwbushin2008: he's not goin back to his base!!! this is gonna be exciting
(15:25 / Observers) gwbushin2008: haha
(15:26 / Observers) HERNaNDO: EEEEE
(15:30 / Observers) HERNaNDO: lol
(15:31 / Observers) gwbushin2008: aghhhh
(15:41 / Observers) gwbushin2008: uhoh
(15:45 / Observers) HERNaNDO: uhhhohhhh
(15:51 / Observers) gwbushin2008: ahhaha
(16:02 / All) Sgt.Malarkey: lol I have never seen a faster response
(16:15 / All) Tecnolife: i was watching my base
(16:18 / All) Tecnolife: building gryphs
(16:20 / All) Sgt.Malarkey: :/
(16:24 / All) Sgt.Malarkey: harsh
(16:26 / All) Tecnolife: ^
(17:12 / All) Tecnolife: you made a hole fo rme
(17:13 / All) Tecnolife: thx
(17:15 / All) Sgt.Malarkey: did you scout me earlier?
(17:21 / All) Tecnolife: not in your base
(17:22 / All) Tecnolife: your expos
(18:05 / All) Sgt.Malarkey: so neither of us scouting the other and you getting my counter was unlucky?
(18:11 / All) Tecnolife: clearly maphack
(18:13 / Observers) gwbushin2008: P{PURE LUCK
(19:29 / Observers) HERNaNDO: 22HP
(19:31 / All) Sgt.Malarkey: you bastard
(19:39 / All) Tecnolife: did your pally die or no
(19:45 / All) Sgt.Malarkey: nope
(22:26 / All) Sgt.Malarkey: welp
(22:40 / All) Tecnolife: sorry i don't know how to finish games
(22:42 / All) Tecnolife: so i just expo deny
(22:44 / All) Sgt.Malarkey: lol
(22:51 / All) Sgt.Malarkey: fair enough
(23:32 / All) Sgt.Malarkey: lol?
(23:37 / All) Tecnolife: WAIT A SECOND
(23:39 / All) Tecnolife: OH NOOO
(23:40 / All) Sgt.Malarkey: lol
(24:28 / All) Sgt.Malarkey: how do you still have money?
(24:34 / All) Tecnolife: hacks and cheats
(24:40 / All) Sgt.Malarkey: o god wait a seconed
(25:00 / All) Sgt.Malarkey: o fuck tou
(25:02 / All) Sgt.Malarkey: haha
(25:06 / All) Sgt.Malarkey: lol forgot about those
(25:07 / All) Sgt.Malarkey: gg
(25:09 / All) Tecnolife: gg